[Event "EYCC Open-U14 2019"]
[Site "Bratislava"]
[Date "2019.08.09"]
[Round "8.42"]
[White "Krivenko, Dion"]
[Black "Brnusak, Tomas"]
[Result "0-1"]
[ECO "B53"]
[WhiteElo "1700"]
[BlackElo "2032"]
[Annotator "NA"]
[PlyCount "100"]
[EventDate "2019.08.02"]
[EventType "swiss"]
[EventCountry "SVK"]
[SourceTitle "playchess.com"]
[Source "ChessBase"]
[SourceQuality "1"]
[TimeControl "40/5400+30:1800+30"]

1. e4 c5 2. Nf3 d6 3. d4 cxd4 4. Qxd4 Nc6 5. Bb5 Bd7 6. Bxc6 Bxc6 7. Nc3 Nf6 8. Bg5 e6 9. O-O-O Be7 10. Rhe1 O-O 11. Qd3 Qa5 12. Kb1 Rfd8 13. Bd2 Qc7 14. Bf4 Rac8 15. Qe2 a6 16. e5 Nd5 17. Nxd5 Bxd5 18. b3 b5 19. h4 Qc5 20. Be3 Bxf3 21. gxf3 Qxe5 22. f4 Qf5 23. h5 Bf6 24. Qd3 Qxh5 25. Rh1 Qf5 26. Qxf5 exf5 27. Rd5 g6 28. Rhd1 Rc6 29. Kc1 Rdc8 30. R1d2 Bc3 31. Re2 h5 32. Kd1 Re8 33. Bd2 Rxe2 34. Kxe2 Bxd2 35. Kxd2 Kf8 36. c3 Ke7 37. Rd3 f6 38. Rg3 Kf7 39. Rh3 Kg7 40. Kd3 Kh6 41. Kd4 Rc5 42. Re3 h4 43. Re6 Rc6 44. a3 Kh5 45. f3 Rc7 46. c4 bxc4 47. bxc4 h3 48. Re1 Kh4 49. Rg1 h2 50. Rxg6 Rh7 0-1

[Event "EYCC Open-U14 2019"]
[Site "Bratislava"]
[Date "2019.08.09"]
[Round "8.43"]
[White "Schlegel, Igor"]
[Black "Bansal, Saahil"]
[Result "1/2-1/2"]
[ECO "C13"]
[WhiteElo "1968"]
[BlackElo "1547"]
[Annotator "NA"]
[PlyCount "62"]
[EventDate "2019.08.02"]
[EventType "swiss"]
[EventCountry "SVK"]
[SourceTitle "playchess.com"]
[Source "ChessBase"]
[SourceQuality "1"]
[TimeControl "40/5400+30:1800+30"]

1. e4 e6 2. d4 d5 3. Nc3 Nf6 4. Bg5 Be7 5. e5 Nfd7 6. h4 Bxg5 7. hxg5 Qxg5 8. Qd3 g6 9. Nf3 Qe7 10. O-O-O Nc6 11. Qe3 Nb6 12. Rh6 Bd7 13. Bd3 O-O-O 14. Rdh1 Nc4 15. Bxc4 dxc4 16. Rxh7 Rxh7 17. Rxh7 Be8 18. Ne4 Nb4 19. Qa3 Bc6 20. Nf6 Bxf3 21. gxf3 a6 22. Rh4 c3 23. Kb1 cxb2 24. c3 Nd5 25. Qxe7 Nxe7 26. Rh7 Rf8 27. Kxb2 Nd5 28. Ne4 Kd7 29. c4 Nf4 30. Kc3 Ne2+ 31. Kd3 Nc1+ 1/2-1/2

[Event "EYCC Open-U14 2019"]
[Site "Bratislava"]
[Date "2019.08.09"]
[Round "8.44"]
[White "Olde, Karl Erik"]
[Black "Indriunas, Matas"]
[Result "0-1"]
[ECO "A40"]
[WhiteElo "1516"]
[BlackElo "1960"]
[Annotator "NA"]
[PlyCount "161"]
[EventDate "2019.08.02"]
[EventType "swiss"]
[EventCountry "SVK"]
[SourceTitle "playchess.com"]
[Source "ChessBase"]
[SourceQuality "1"]
[TimeControl "40/5400+30:1800+30"]

1. d4 g6 2. c4 Bg7 3. Nf3 d6 4. g3 Nd7 5. Bg2 e5 6. e4 Ne7 7. Nc3 O-O 8. O-O h6 9. Be3 exd4 10. Bxd4 Nc6 11. Bxg7 Kxg7 12. Nd5 Nc5 13. Qc2 Ne5 14. Nxe5 dxe5 15. Rad1 c6 16. Ne3 Qb6 17. Qc3 f6 18. b4 Ne6 19. c5 Qc7 20. Rd2 Nd4 21. Nc2 Nb5 22. Qe3 Qe7 23. Rfd1 a5 24. Bf1 Nc7 25. Bc4 axb4 26. Nxb4 Ra5 27. Nd3 Ne6 28. Bxe6 Bxe6 29. Rb2 Rfa8 30. Rdb1 R8a7 31. Nc1 Rxc5 32. Nb3 Bxb3 33. axb3 Rca5 34. Rd2 b5 35. Rc1 Ra1 36. Rdc2 Rxc1+ 37. Rxc1 Rc7 38. Rc5 Qd6 39. Qc1 g5 40. b4 Kf7 41. Qc2 Ke7 42. Rc3 Qxb4 43. Rxc6 Rxc6 44. Qxc6 Qc4 45. Qb6 b4 46. Qb7+ Ke6 47. Qb6+ Kf7 48. Qb7+ Kg6 49. Qd7 b3 50. Qf5+ Kg7 51. Qd7+ Qf7 52. Qb5 Qe6 53. Qb7+ Kg6 54. Qb5 g4 55. Kf1 f5 56. exf5+ Kxf5 57. Ke2 Kf6 58. Kd2 Qf5 59. Qb6+ Kg5 60. Qe3+ Kh5 61. Qxb3 Qxf2+ 62. Kc1 Qg1+ 63. Kb2 Qxh2+ 64. Ka3 Qf2 65. Qd5 Qxg3+ 66. Kb4 Qf4+ 67. Kb5 g3 68. Kc6 Kg4 69. Qe6+ Kf3 70. Qb3+ Kg2 71. Qc2+ Qf2 72. Qg6 Qf4 73. Qc2+ Kh3 74. Qg6 g2 75. Qh5+ Kg3 76. Qg6+ Qg4 77. Qb1 Kh2 78. Qe1 g1=Q 79. Qxe5+ Q1g3 80. Qf6 Q3f3+ 81. Kc7 0-1

[Event "EYCC Open-U14 2019"]
[Site "Bratislava"]
[Date "2019.08.09"]
[Round "8.45"]
[White "Velkoski, Stojan"]
[Black "Zemach, Nadav"]
[Result "0-1"]
[ECO "C54"]
[WhiteElo "1389"]
[BlackElo "1997"]
[Annotator "NA"]
[PlyCount "76"]
[EventDate "2019.08.02"]
[EventType "swiss"]
[EventCountry "SVK"]
[SourceTitle "playchess.com"]
[Source "ChessBase"]
[SourceQuality "1"]
[TimeControl "40/5400+30:1800+30"]

1. e4 e5 2. Nf3 Nc6 3. Bc4 Bc5 4. c3 Nf6 5. d3 O-O 6. Nbd2 d5 7. exd5 Nxd5 8. Ne4 Bb6 9. O-O a5 10. Re1 Kh8 11. Ng3 f6 12. Be3 Nxe3 13. fxe3 f5 14. d4 e4 15. Nd2 Ne7 16. Bb3 c6 17. Ne2 Ng6 18. g3 Bc7 19. Nf4 Qg5 20. Kh1 Bd7 21. d5 Nxf4 22. exf4 Qf6 23. Nc4 cxd5 24. Ne3 Bc6 25. Nxd5 Qd6 26. Nxc7 Qxc7 27. Re3 a4 28. Bc4 Qb6 29. Qe2 Rad8 30. Qf2 Rd6 31. b4 axb3 32. axb3 Rfd8 33. Kg1 Bb5 34. Bxb5 Qxb5 35. c4 Qb4 36. Rae1 Rd3 37. Qa2 Rxe3 38. Rxe3 Rd1+ 0-1

[Event "EYCC Open-U14 2019"]
[Site "Bratislava"]
[Date "2019.08.09"]
[Round "8.46"]
[White "Martinez Soriano, Javier"]
[Black "Bizjak, Anej"]
[Result "0-1"]
[ECO "C00"]
[WhiteElo "1992"]
[BlackElo "1574"]
[Annotator "NA"]
[PlyCount "76"]
[EventDate "2019.08.02"]
[EventType "swiss"]
[EventCountry "SVK"]
[SourceTitle "playchess.com"]
[Source "ChessBase"]
[SourceQuality "1"]
[TimeControl "40/5400+30:1800+30"]

1. e4 e6 2. d3 b6 3. Nc3 Bb7 4. Nf3 Nf6 5. g3 Be7 6. Bg2 O-O 7. O-O d6 8. Ne1 Ne8 9. f4 f5 10. Qe2 Kh8 11. Nf3 Nd7 12. Nd4 Rf6 13. e5 dxe5 14. Bxb7 exd4 15. Bxa8 Qxa8 16. Nd1 c5 17. Bd2 Nc7 18. c3 Rg6 19. Qg2 Qb8 20. cxd4 cxd4 21. Qc6 Nf6 22. Rc1 Nfd5 23. Qc4 Bf6 24. a3 h5 25. Qc6 h4 26. Kg2 Kh7 27. b4 Be7 28. Qc4 Bf6 29. a4 e5 30. fxe5 Bxe5 31. Rxf5 Qa8 32. Rh5+ Rh6 33. Rxh6+ gxh6 34. Qc6 Qf8 35. Qd7+ Kh8 36. Rc6 Nf6 37. Rxc7 Nxd7 38. Rxd7 h3+ 0-1

[Event "EYCC Open-U14 2019"]
[Site "Bratislava"]
[Date "2019.08.09"]
[Round "8.48"]
[White "Paduano, Claudio"]
[Black "Zvezdakoski Matej"]
[Result "1-0"]
[ECO "D63"]
[WhiteElo "2037"]
[BlackElo "1811"]
[Annotator "NA"]
[PlyCount "53"]
[EventDate "2019.08.02"]
[EventType "swiss"]
[EventCountry "SVK"]
[SourceTitle "playchess.com"]
[Source "ChessBase"]
[SourceQuality "1"]
[TimeControl "40/5400+30:1800+30"]

1. d4 Nf6 2. c4 e6 3. Nf3 d5 4. Nc3 Be7 5. Bg5 O-O 6. e3 Nbd7 7. Rc1 a6 8. cxd5 exd5 9. Bd3 Re8 10. Qc2 Nf8 11. O-O c6 12. Rce1 Ne4 13. Bxe7 Qxe7 14. Bxe4 dxe4 15. Nd2 f5 16. f3 exf3 17. Nxf3 Ng6 18. e4 fxe4 19. Rxe4 Qd8 20. Qb3+ Kh8 21. Ng5 Be6 22. Nxe6 Qd6 23. Ng5 Rf8 24. Rxf8+ Rxf8 25. Nf7+ Rxf7 26. Qxf7 h6 27. Re8+ 1-0

[Event "EYCC Open-U14 2019"]
[Site "Bratislava"]
[Date "2019.08.10"]
[Round "9.1"]
[White "Kostolansky, Sebastian Lukas"]
[Black "Popov, Konstantin"]
[Result "1-0"]
[ECO "B12"]
[WhiteElo "2406"]
[BlackElo "2367"]
[Annotator "NA"]
[PlyCount "61"]
[EventDate "2019.08.02"]
[EventType "swiss"]
[EventCountry "SVK"]
[SourceTitle "playchess.com"]
[Source "ChessBase"]
[SourceQuality "1"]
[TimeControl "40/5400+30:1800+30"]

1. e4 c6 2. d4 d5 3. e5 Bf5 4. h4 h5 5. c4 e6 6. Nc3 Nd7 7. Nge2 Ne7 8. Ng3 Bg6 9. Bg5 Qb6 10. Qd2 Nf5 11. Nxf5 Bxf5 12. cxd5 cxd5 13. a3 a6 14. Be2 Bg4 15. O-O Bxe2 16. Nxe2 Rc8 17. Rac1 Rc6 18. Rc3 Nb8 19. Rf3 Qc7 20. Nf4 Nd7 21. Qd3 b5 22. Re1 Qb6 23. Nxd5 Qb7 24. Nf4 Nb6 25. d5 Nxd5 26. Nxd5 exd5 27. e6 f6 28. Qg6+ Kd8 29. Bxf6+ Be7 30. Bxe7+ Qxe7 31. Rf7 1-0

[Event "EYCC Open-U14 2019"]
[Site "Bratislava"]
[Date "2019.08.10"]
[Round "9.2"]
[White "Can, Isik"]
[Black "Tsvetkov, Andrey"]
[Result "0-1"]
[ECO "B94"]
[WhiteElo "2374"]
[BlackElo "2324"]
[Annotator "NA"]
[PlyCount "82"]
[EventDate "2019.08.02"]
[EventType "swiss"]
[EventCountry "SVK"]
[SourceTitle "playchess.com"]
[Source "ChessBase"]
[SourceQuality "1"]
[TimeControl "40/5400+30:1800+30"]

1. e4 c5 2. Nf3 d6 3. d4 cxd4 4. Nxd4 Nf6 5. Nc3 a6 6. Bg5 Nbd7 7. Qe2 h6 8. Bh4 g6 9. O-O-O e5 10. Nb3 Be7 11. Qd2 Qc7 12. Kb1 b5 13. a3 Bb7 14. Bd3 Kf8 15. f4 Kg7 16. Rhf1 Rhd8 17. fxe5 dxe5 18. Rf3 Nc5 19. Bxf6+ Bxf6 20. Qf2 Nxb3 21. Rxf6 Nc5 22. Rf1 Rd7 23. h4 Ne6 24. Bxb5 axb5 25. Nxb5 Qd8 26. Rxf7+ Kg8 27. Rxd7 Qxd7 28. Qf6 Bxe4 29. Qxe5 Qc6 30. Rf2 Rd8 31. Nc3 Qc4 32. h5 Nc5 33. hxg6 Na4 34. Kc1 Nxc3 35. Qxc3 Qxc3 36. bxc3 Kg7 37. g3 Kxg6 38. Rf4 Bf5 39. a4 Rd5 40. Rd4 Re5 41. Kd2 h5 0-1

[Event "EYCC Open-U14 2019"]
[Site "Bratislava"]
[Date "2019.08.10"]
[Round "9.3"]
[White "Tadic, Stefan"]
[Black "Oglaza, Oskar"]
[Result "1-0"]
[ECO "B22"]
[WhiteElo "2262"]
[BlackElo "2345"]
[Annotator "NA"]
[PlyCount "79"]
[EventDate "2019.08.02"]
[EventType "swiss"]
[EventCountry "SVK"]
[SourceTitle "playchess.com"]
[Source "ChessBase"]
[SourceQuality "1"]
[TimeControl "40/5400+30:1800+30"]

1. e4 c5 2. c3 d5 3. exd5 Qxd5 4. d4 Nc6 5. Nf3 Bf5 6. Be3 cxd4 7. Nxd4 Nxd4 8. cxd4 a6 9. Nc3 Qd7 10. Na4 Rd8 11. Nc5 Qd5 12. Be2 e5 13. Qa4+ Bd7 14. Nxd7 Qxd7 15. Qxd7+ Rxd7 16. dxe5 Bb4+ 17. Kf1 Ne7 18. Bg4 Rd8 19. a3 Ba5 20. g3 O-O 21. Kg2 Nd5 22. Bc5 Rfe8 23. Bd6 Bc7 24. Bxc7 Nxc7 25. Rac1 Nb5 26. Rhd1 Nd4 27. f4 g6 28. Rc7 Nb5 29. Rxd8 Rxd8 30. Rc8 Rxc8 31. Bxc8 a5 32. Bxb7 Kf8 33. Kf3 Ke7 34. Ke4 Ke6 35. Bd5+ Ke7 36. Bc4 Nc7 37. Kd4 f6 38. Kc5 fxe5 39. fxe5 Na8 40. Kc6 1-0

[Event "EYCC Open-U14 2019"]
[Site "Bratislava"]
[Date "2019.08.10"]
[Round "9.4"]
[White "Sokolovsky, Yahli"]
[Black "Krastev, Alexander"]
[Result "1-0"]
[ECO "B27"]
[WhiteElo "2093"]
[BlackElo "2325"]
[Annotator "NA"]
[PlyCount "157"]
[EventDate "2019.08.02"]
[EventType "swiss"]
[EventCountry "SVK"]
[SourceTitle "playchess.com"]
[Source "ChessBase"]
[SourceQuality "1"]
[TimeControl "40/5400+30:1800+30"]

1. e4 c5 2. Nf3 g6 3. d4 Bg7 4. dxc5 Qa5+ 5. c3 Qxc5 6. Na3 Nf6 7. Bd3 b6 8. O-O Bb7 9. Re1 O-O 10. h3 d6 11. Be3 Qc8 12. Qc2 Nc6 13. Nb5 Nd7 14. Nbd4 Nxd4 15. Nxd4 Ne5 16. a4 a6 17. Bf1 Qc7 18. f3 Rac8 19. Qb3 Nd7 20. Ne2 Nc5 21. Qc2 d5 22. exd5 Bxd5 23. Nf4 Bb3 24. Qf2 Be5 25. g3 Bd6 26. Kg2 Rfd8 27. Nd3 Qb7 28. Nxc5 bxc5 29. Kh2 Qc6 30. a5 Bd5 31. Bg2 Rb8 32. Re2 Rb3 33. Rd2 Rdb8 34. Rad1 Be6 35. Bf1 h5 36. f4 Qc8 37. Qg2 Qc7 38. Bxa6 Qxa5 39. Bd3 Qc7 40. f5 Bxf5 41. Bxf5 gxf5 42. Bf4 Qb7 43. Qe2 Rxb2 44. Qxh5 Qd5 45. Qe2 Bxf4 46. gxf4 Kf8 47. Kg3 Rxd2 48. Rxd2 Qe6 49. Qxe6 fxe6 50. Kf2 Rb3 51. Rd3 Rb2+ 52. Kg3 Re2 53. Kf3 Re4 54. h4 Kf7 55. h5 Kf6 56. Kg3 Re1 57. Rd8 e5 58. Rf8+ Ke6 59. fxe5 Kxe5 60. Kg2 Re4 61. Rc8 Kd6 62. Kh3 Re3+ 63. Kh4 Rxc3 64. h6 Rc1 65. Kg5 Rh1 66. Kg6 f4 67. h7 Ke5 68. Rxc5+ Ke4 69. Rh5 Rxh5 70. Kxh5 f3 71. h8=Q f2 72. Qa8+ Ke3 73. Qa6 Kf3 74. Qf1 e5 75. Kh4 e4 76. Kh3 e3 77. Qh1+ Ke2 78. Kg2 Kd2 79. Qf1 1-0

[Event "EYCC Open-U14 2019"]
[Site "Bratislava"]
[Date "2019.08.10"]
[Round "9.5"]
[White "Makoveev, Ilya"]
[Black "Biletskiy, Danylo"]
[Result "1-0"]
[ECO "E73"]
[WhiteElo "2288"]
[BlackElo "2105"]
[Annotator "NA"]
[PlyCount "47"]
[EventDate "2019.08.02"]
[EventType "swiss"]
[EventCountry "SVK"]
[SourceTitle "playchess.com"]
[Source "ChessBase"]
[SourceQuality "1"]
[TimeControl "40/5400+30:1800+30"]

1. d4 Nf6 2. c4 g6 3. Nc3 Bg7 4. e4 d6 5. Be2 O-O 6. Bg5 c5 7. d5 e6 8. Nf3 exd5 9. cxd5 Bg4 10. Nd2 Bxe2 11. Qxe2 a6 12. a4 h6 13. Bh4 Nbd7 14. O-O Rb8 15. a5 g5 16. Bg3 Qe7 17. Nc4 Ne8 18. Ne3 Ne5 19. Nf5 Qf6 20. f4 gxf4 21. Bh4 f3 22. Qc2 fxg2 23. Qxg2 Nf3+ 24. Rxf3 1-0

[Event "EYCC Open-U14 2019"]
[Site "Bratislava"]
[Date "2019.08.10"]
[Round "9.6"]
[White "Antonica, Dragos-Andrei"]
[Black "Mitusov, Semen"]
[Result "0-1"]
[ECO "A06"]
[WhiteElo "2124"]
[BlackElo "2199"]
[Annotator "NA"]
[PlyCount "90"]
[EventDate "2019.08.02"]
[EventType "swiss"]
[EventCountry "SVK"]
[SourceTitle "playchess.com"]
[Source "ChessBase"]
[SourceQuality "1"]
[TimeControl "40/5400+30:1800+30"]

1. Nf3 d5 2. e3 Nf6 3. c4 dxc4 4. Bxc4 a6 5. O-O e6 6. b3 c5 7. Bb2 Bd6 8. e4 Nxe4 9. Bxg7 Rg8 10. Bb2 b5 11. Be2 Bb7 12. d3 Ng5 13. Nbd2 Qc7 14. Kh1 Qe7 15. Qc2 f5 16. d4 cxd4 17. Bxd4 Nc6 18. Be3 h6 19. Rae1 Nb4 20. Qb2 Nd5 21. Bd3 Nxe3 22. fxe3 O-O-O 23. Qc3+ Kb8 24. e4 Bb4 25. Qc2 fxe4 26. Bxe4 Nxe4 27. Rxe4 Bxe4 28. Nxe4 Qg7 29. Qf2 Qb7 30. Qe2 Rgf8 31. Qe3 Rc8 32. Qd4 a5 33. h3 Ka8 34. Qe3 Rfd8 35. Ne5 Rf8 36. Nf3 Qd5 37. a4 bxa4 38. bxa4 Rc4 39. Ng3 h5 40. Ne2 Bc5 41. Qh6 Bd6 42. Qh7 Rb8 43. Re1 Re4 44. Nd2 Re3 45. Nf1 Rxh3+ 0-1

[Event "EYCC Open-U14 2019"]
[Site "Bratislava"]
[Date "2019.08.10"]
[Round "9.7"]
[White "Pasztor, Balazs"]
[Black "Kirillov, Dmitry"]
[Result "0-1"]
[ECO "B40"]
[WhiteElo "2140"]
[BlackElo "2244"]
[Annotator "NA"]
[PlyCount "62"]
[EventDate "2019.08.02"]
[EventType "swiss"]
[EventCountry "SVK"]
[SourceTitle "playchess.com"]
[Source "ChessBase"]
[SourceQuality "1"]
[TimeControl "40/5400+30:1800+30"]

1. e4 c5 2. Nf3 e6 3. d4 cxd4 4. Nxd4 Nf6 5. Nc3 Nc6 6. Ndb5 Bb4 7. a3 Bxc3+ 8. Nxc3 d5 9. exd5 exd5 10. Bd3 O-O 11. O-O d4 12. Ne2 Bg4 13. f3 Bh5 14. Bg5 Qd6 15. Qd2 Bg6 16. Rad1 Rad8 17. Bxg6 hxg6 18. Be3 Nd5 19. Bf2 Rfe8 20. g3 Qc7 21. Kg2 Ne5 22. b3 Ne3+ 23. Bxe3 dxe3 24. Qc1 Rxd1 25. Rxd1 Nxf3 26. Kxf3 Qc6+ 27. Kg4 Qe6+ 28. Kh4 g5+ 29. Kxg5 f6+ 30. Kh4 g5+ 31. Kh5 Kg7 0-1

[Event "EYCC Open-U14 2019"]
[Site "Bratislava"]
[Date "2019.08.10"]
[Round "9.8"]
[White "Papadiamandis, Elliot"]
[Black "Chyzy, Jakub"]
[Result "0-1"]
[ECO "C06"]
[WhiteElo "2202"]
[BlackElo "2093"]
[Annotator "NA"]
[PlyCount "128"]
[EventDate "2019.08.02"]
[EventType "swiss"]
[EventCountry "SVK"]
[SourceTitle "playchess.com"]
[Source "ChessBase"]
[SourceQuality "1"]
[TimeControl "40/5400+30:1800+30"]

1. e4 e6 2. d4 d5 3. Nd2 Nf6 4. e5 Nfd7 5. Bd3 c5 6. c3 Nc6 7. Ne2 cxd4 8. cxd4 f6 9. exf6 Qxf6 10. Nf3 h6 11. O-O Bd6 12. Be3 O-O 13. Bc2 Rd8 14. Bb3 Nf8 15. Qd2 Bd7 16. Bf4 Be8 17. Bxd6 Rxd6 18. Qf4 Qxf4 19. Nxf4 g5 20. Nd3 Bh5 21. Nde5 Bxf3 22. Nxf3 Ng6 23. Rfe1 Rf8 24. h3 Nh4 25. Nxh4 gxh4 26. Red1 Rf4 27. Rac1 Rd8 28. Rd3 Rdf8 29. f3 Rxd4 30. Re3 Kf7 31. Rce1 Re8 32. a3 Kf6 33. Kf2 Rd2+ 34. R1e2 Rxe2+ 35. Kxe2 Nd4+ 36. Kf2 Rc8 37. Rd3 Ke5 38. Bd1 Rc1 39. Rd2 Nf5 40. Re2+ Kf4 41. Rd2 e5 42. Bb3 d4 43. Bc2 Ne3 44. Bd3 Rd1 45. Rxd1 Nxd1+ 46. Ke2 Nxb2 47. Be4 b6 48. Bc6 Nc4 49. a4 Nd6 50. Bd5 a6 51. Kd3 b5 52. a5 Nc4 53. Bb7 Nxa5 54. Bxa6 b4 55. Ke2 Nb3 56. Bc4 Nc5 57. Kd2 Kg3 58. Bd5 Kf2 59. Bc6 b3 60. Bd5 d3 61. Kc3 b2 62. Ba2 Ke1 63. Kxb2 d2 64. Bb3 Nxb3 0-1

[Event "EYCC Open-U14 2019"]
[Site "Bratislava"]
[Date "2019.08.10"]
[Round "9.9"]
[White "Tsaruk, Maksim"]
[Black "Guz, Ari"]
[Result "1-0"]
[ECO "B41"]
[WhiteElo "2230"]
[BlackElo "2165"]
[Annotator "NA"]
[PlyCount "87"]
[EventDate "2019.08.02"]
[EventType "swiss"]
[EventCountry "SVK"]
[SourceTitle "playchess.com"]
[Source "ChessBase"]
[SourceQuality "1"]
[TimeControl "40/5400+30:1800+30"]

1. e4 c5 2. Nf3 e6 3. d4 cxd4 4. Nxd4 a6 5. c4 Nf6 6. Nc3 Bb4 7. Qd3 d5 8. exd5 exd5 9. Be2 O-O 10. O-O Nc6 11. Nxd5 Nxd5 12. Nxc6 bxc6 13. cxd5 Qxd5 14. Qxd5 cxd5 15. Rd1 Be6 16. Bf4 a5 17. Rac1 Rfc8 18. Rxc8+ Rxc8 19. Rc1 Rxc1+ 20. Bxc1 Kf8 21. a3 Bc5 22. Bd2 Bd4 23. Bxa5 Bxb2 24. Bb4+ Ke8 25. Kf1 Be5 26. h3 Kd7 27. Bb5+ Kc7 28. Ke2 Bd7 29. Ba5+ Kd6 30. Bb4+ Kc7 31. Bd3 g6 32. Ke3 Bd6 33. Bxd6+ Kxd6 34. Kd4 Ba4 35. f4 Bc6 36. Bc2 Ba8 37. g4 Bc6 38. g5 Bb7 39. h4 Bc6 40. a4 Bb7 41. Bd3 Ba8 42. Bb5 Bb7 43. a5 Ba8 44. a6 1-0

[Event "EYCC Open-U14 2019"]
[Site "Bratislava"]
[Date "2019.08.10"]
[Round "9.10"]
[White "Grigoryan, Aram"]
[Black "Rozen, Eytan"]
[Result "1-0"]
[ECO "E46"]
[WhiteElo "1947"]
[BlackElo "2260"]
[Annotator "NA"]
[PlyCount "93"]
[EventDate "2019.08.02"]
[EventType "swiss"]
[EventCountry "SVK"]
[SourceTitle "playchess.com"]
[Source "ChessBase"]
[SourceQuality "1"]
[TimeControl "40/5400+30:1800+30"]

1. d4 Nf6 2. c4 e6 3. Nc3 Bb4 4. e3 O-O 5. Nge2 Re8 6. a3 Bf8 7. d5 a5 8. g3 Na6 9. Bg2 Nc5 10. O-O exd5 11. cxd5 b6 12. Qc2 Ba6 13. Rd1 g6 14. Nd4 Bb7 15. e4 Bg7 16. b3 d6 17. Rb1 Qe7 18. f3 Qd7 19. Bf1 Ba6 20. Ncb5 a4 21. b4 Nb3 22. Nxb3 axb3 23. Qc6 Qxc6 24. dxc6 Bxb5 25. Bxb5 b2 26. Bxb2 g5 27. g4 h5 28. h3 hxg4 29. hxg4 Nxg4 30. fxg4 Rxe4 31. Rd3 Rxg4+ 32. Kf2 Rf4+ 33. Rf3 Rxf3+ 34. Kxf3 Bxb2 35. Rxb2 Rxa3+ 36. Kg4 f6 37. Kf5 Kf7 38. Bc4+ Kf8 39. Kxf6 g4 40. Rh2 Rf3+ 41. Ke6 g3 42. Rh4 b5 43. Bd5 g2 44. Rg4 Re3+ 45. Kd7 Rg3 46. Rxg3 g1=Q 47. Rg8+ {[%emt 0:00:04] Qg2 Rg4} 1-0

[Event "EYCC Open-U14 2019"]
[Site "Bratislava"]
[Date "2019.08.10"]
[Round "9.11"]
[White "Hak, David"]
[Black "Maldonado Mena, German"]
[Result "1/2-1/2"]
[ECO "C60"]
[WhiteElo "2012"]
[BlackElo "1822"]
[Annotator "NA"]
[PlyCount "71"]
[EventDate "2019.08.02"]
[EventType "swiss"]
[EventCountry "SVK"]
[SourceTitle "playchess.com"]
[Source "ChessBase"]
[SourceQuality "1"]
[TimeControl "40/5400+30:1800+30"]

1. e4 e5 2. Nf3 Nc6 3. Bb5 g6 4. c3 a6 5. Ba4 b5 6. Bc2 d6 7. O-O Bg7 8. d3 f5 9. Bb3 Na5 10. Bxg8 Rxg8 11. a4 Be6 12. b4 Nb3 13. Ng5 Qe7 14. Nxe6 Qxe6 15. Ra3 Nxc1 16. Qxc1 Kd7 17. Nd2 Bh6 18. Qc2 a5 19. axb5 axb4 20. Rxa8 Rxa8 21. cxb4 Ra2 22. Qc6+ Kd8 23. b6 cxb6 24. Rc1 Ke7 25. Rc2 Rxc2 26. Qxc2 Bxd2 27. Qxd2 Qb3 28. h4 f4 29. d4 Qb1+ 30. Kh2 Qxe4 31. dxe5 Qxe5 32. f3 d5 33. Qa2 Qd6 34. Qa7+ Kf6 35. Qxh7 Qxb4 36. Qh8+ {[%emt 0:00:17] Ke5} 1/2-1/2

[Event "EYCC Open-U14 2019"]
[Site "Bratislava"]
[Date "2019.08.10"]
[Round "9.12"]
[White "Gnojek, Petr"]
[Black "Trofimov, Pavel"]
[Result "0-1"]
[ECO "D20"]
[WhiteElo "2246"]
[BlackElo "2151"]
[Annotator "NA"]
[PlyCount "46"]
[EventDate "2019.08.02"]
[EventType "swiss"]
[EventCountry "SVK"]
[SourceTitle "playchess.com"]
[Source "ChessBase"]
[SourceQuality "1"]
[TimeControl "40/5400+30:1800+30"]

1. d4 d5 2. c4 dxc4 3. e4 e5 4. d5 Nf6 5. Nc3 b5 6. Bg5 Bc5 7. Bxf6 Qxf6 8. Nf3 O-O 9. Qc2 c6 10. dxc6 Nxc6 11. Nxb5 Bb4+ 12. Nd2 Rb8 13. Nc3 Nd4 14. Qd1 Bc5 15. Bxc4 Rxb2 16. O-O Bh3 17. Kh1 Bxg2+ 18. Kxg2 Qg5+ 19. Kh1 Rxd2 20. Qc1 Nf3 21. Ne2 Qh4 22. Kg2 Qg4+ 23. Ng3 Nh4+ 0-1

[Event "EYCC Open-U14 2019"]
[Site "Bratislava"]
[Date "2019.08.10"]
[Round "9.15"]
[White "Morgunov, Marc"]
[Black "Cappelletto, Joshuaede"]
[Result "1-0"]
[ECO "B52"]
[WhiteElo "2314"]
[BlackElo "2138"]
[Annotator "NA"]
[PlyCount "65"]
[EventDate "2019.08.02"]
[EventType "swiss"]
[EventCountry "SVK"]
[SourceTitle "playchess.com"]
[Source "ChessBase"]
[SourceQuality "1"]
[TimeControl "40/5400+30:1800+30"]

1. e4 c5 2. Nf3 d6 3. Bb5+ Bd7 4. Bxd7+ Qxd7 5. c4 Nc6 6. d4 cxd4 7. Nxd4 Nf6 8. Nc3 g6 9. f3 Nxd4 10. Qxd4 Bg7 11. Be3 O-O 12. Qd3 Rfc8 13. O-O Qe8 14. Rac1 a5 15. b3 Nd7 16. Qd2 Nc5 17. Nd5 Ra6 18. Bg5 f6 19. Be3 Qf7 20. Rfe1 e6 21. Nc3 f5 22. Nb5 Be5 23. Bxc5 dxc5 24. exf5 Qxf5 25. Re4 Rf8 26. Rce1 Bb8 27. Qd7 Qh5 28. h3 Bg3 29. Rd1 Raa8 30. Qxe6+ Kh8 31. Nd6 b6 32. Nf7+ Kg8 33. Rd7 1-0

[Event "EYCC Open-U14 2019"]
[Site "Bratislava"]
[Date "2019.08.10"]
[Round "9.16"]
[White "Musyuk, Lior"]
[Black "Lopez Varela, Pablo"]
[Result "1/2-1/2"]
[ECO "A04"]
[WhiteElo "2236"]
[BlackElo "2131"]
[Annotator "NA"]
[PlyCount "163"]
[EventDate "2019.08.02"]
[EventType "swiss"]
[EventCountry "SVK"]
[SourceTitle "playchess.com"]
[Source "ChessBase"]
[SourceQuality "1"]
[TimeControl "40/5400+30:1800+30"]

1. Nf3 g6 2. g3 Bg7 3. Bg2 c5 4. c4 Nc6 5. O-O e6 6. Nc3 Nge7 7. d4 cxd4 8. Nb5 O-O 9. Nbxd4 d5 10. cxd5 Nxd4 11. Nxd4 Nxd5 12. e4 Nb6 13. Nb5 Bd7 14. Qe2 a6 15. Na3 Bc6 16. Bf4 Qe7 17. e5 Bxg2 18. Kxg2 Nd5 19. Bd2 b5 20. Rac1 Rac8 21. h4 h5 22. Nc2 Qb7 23. Kh2 Rc7 24. Ba5 Nb6 25. Rfd1 Rfc8 26. Rd6 Rc6 27. Bxb6 Rxd6 28. exd6 Qxb6 29. d7 Rd8 30. Rd1 Qb7 31. Qd2 Bxb2 32. Qd6 a5 33. Qe7 Qc7 34. Ne1 Bg7 35. Nf3 Bf8 36. Qxd8 Qxd8 37. Ne5 b4 38. Nc6 Qb6 39. Rd2 Qxc6 40. d8=Q a4 41. Qd7 Qxd7 42. Rxd7 b3 43. axb3 axb3 44. Rb7 Bc5 45. f3 Kg7 46. Rxb3 Be7 47. Rb5 Bd6 48. Kh3 Kh6 49. Rb7 Kg7 50. g4 Bf4 51. Rb4 Bd6 52. Rb5 Kh6 53. Rb7 Kg7 54. Kg2 Bf4 55. Kf2 Bd6 56. Rb5 Kh6 57. g5+ Kg7 58. Ke3 Kf8 59. Rb1 Ke7 60. Ke4 Bg3 61. f4 Bxh4 62. Rb8 Be1 63. Rc8 Bb4 64. Rb8 Bc3 65. Rc8 Bd2 66. Ke5 Ba5 67. Rc6 Bd8 68. Rc2 Ba5 69. Rc8 Kd7 70. Rc5 Bd8 71. Rb5 Be7 72. Rb7+ Ke8 73. Rb8+ Kd7 74. Ra8 Bd8 75. Ra7+ Ke8 76. Kd6 h4 77. Ra2 Be7+ 78. Ke5 Bb4 79. Rh2 Bc3+ 80. Ke4 Be1 81. Rc2 Kf8 82. Kf3 1/2-1/2

[Event "EYCC Open-U14 2019"]
[Site "Bratislava"]
[Date "2019.08.10"]
[Round "9.17"]
[White "Creanga, Robert-Ionut"]
[Black "Stukan, Martin"]
[Result "0-1"]
[ECO "A50"]
[WhiteElo "2024"]
[BlackElo "2303"]
[Annotator "NA"]
[PlyCount "72"]
[EventDate "2019.08.02"]
[EventType "swiss"]
[EventCountry "SVK"]
[SourceTitle "playchess.com"]
[Source "ChessBase"]
[SourceQuality "1"]
[TimeControl "40/5400+30:1800+30"]

1. d4 Nf6 2. c4 g6 3. f3 c5 4. d5 d6 5. e4 e6 6. Nc3 exd5 7. cxd5 Bg7 8. Nge2 O-O 9. Ng3 a6 10. a4 Nbd7 11. Be2 Rb8 12. O-O Ne8 13. Be3 Nc7 14. Qd2 b5 15. Rab1 bxa4 16. Nxa4 Nb5 17. b4 Na3 18. Rb3 cxb4 19. Bg5 Qc7 20. Rc1 Qb7 21. Rc6 a5 22. Be3 Ne5 23. Rc1 Bd7 24. Nb6 Bb5 25. Rxa3 bxa3 26. Bxb5 Bh6 27. Bxh6 Qxb6+ 28. Kh1 Qxb5 29. Bxf8 Rxf8 30. Qg5 Qb2 31. h4 a2 32. Nf5 Nd3 33. Nh6+ Kg7 34. Nf5+ Kh8 35. Qe7 Qxc1+ 36. Kh2 Kg8 0-1